 Dungeon Crawl Stone Soup version 0.28-a0-1143-gcf6077d4cc (webtiles) character file.

Game seed: 699444714301275503

534 leviel the Chopper (level 7, -2/63 HPs)
             Began as a Hill Orc Fighter on Dec 13, 2021.
             Was an Initiate of the Shining One.
             Succumbed to a killer bee's poison
             ... on level 5 of the Dungeon.
             The game lasted 00:06:23 (4635 turns).

leviel the Chopper (Hill Orc Fighter)               Turns: 4635, Time: 00:06:23

Health: -2/63      AC:  7    Str: 25 (27) XL:     7   Next: 25%
Magic:  7/7        EV: 10    Int:  6 (8)  God:    the Shining One [......]
Gold:   185        SH:  4    Dex:  8 (10) Spells: 6/6 levels left

rFire   . . .      SeeInvis .   r - +1 hand axe (freeze)
rCold   + . .      Faith    .   c - +0 buckler
rNeg    . . .      Spirit   .   b - +0 scale mail
rPois   .          Reflect  .   (no helmet)
rElec   .          Harm     .   (no cloak)
rCorr   .          Rampage  .   (no gloves)
Will    .....                   (no boots)
Stlth   ..........              (no amulet)
HPRegen 0.20/turn               g - ring of protection from cold
MPRegen 0.10/turn               s - +6 ring of strength

@: mighty, lethally poisoned (-2 -> -17), hasted, glowing, very quick
A: no striking features
a: Renounce Religion


You were on level 5 of the Dungeon.
You worshipped the Shining One.
The Shining One was noncommittal.
You visited 2 branches of the dungeon, and saw 6 of its levels.

You collected 185 gold pieces.

Inventory:

Hand Weapons
 a - a +0 war axe
 r - a +1 hand axe of freezing (weapon)
Missiles
 u - 7 poisoned darts (quivered)
Armour
 b - a +0 scale mail (worn)
 c - a +0 buckler (worn)
Jewellery
 g - a ring of protection from cold (left hand)
 s - a +6 ring of strength (right hand)
Scrolls
 h - a scroll of immolation {unknown}
 i - a scroll of amnesia {unknown}
 l - a scroll of magic mapping {unknown}
 p - a scroll of teleportation {unknown}
 q - a scroll of blinking {unknown}
 t - a scroll of noise {unknown}
Potions
 d - 2 potions of might
 e - 2 potions of degeneration
 f - a potion of ambrosia {unknown}
 j - a potion of heal wounds {unknown}
 k - a potion of haste
 m - a potion of curing {unknown}
 n - a potion of mutation {unknown}
 o - 2 potions of brilliance {unknown}
 v - a potion of flight {unknown}


   Skills:
 + Level 6.1 Fighting
 + Level 6.1 Axes
 + Level 5.5 Armour
 - Level 4.0 Shields


You had 6 spell levels left.
You didn't know any spells.
Your spell library contained the following spells:

 Spells                   Type           Power      Damage    Failure   Level
 Summon Small Mammal      Summ           0%         N/A       73%         1
 Blink                    Tloc           0%         N/A       86%         2
 Call Canine Familiar     Summ           0%         N/A       97%         3
 Lesser Beckoning         Tloc           0%         N/A       97%         3
 Summon Guardian Golem    Hex/Summ       0%         N/A       97%         3
 Manifold Assault         Tloc           0%         N/A       100%        5


Dungeon Overview and Level Annotations

Branches:
Dungeon (5/15)             Temple (1/1) D:4

Altars:
Ashenzari
Cheibriados
Dithmenos
Elyvilon
Fedhas
Gozag
Hepliaklqana
Kikubaaqudgha
Makhleb
Nemelex Xobeh
Okawaru
Qazlal
Ru
Sif Muna
Uskayaw
Vehumet
Wu Jian
Xom
Yredelemnul
Zin
The Shining One


Message History

You feel very sick.
The killer bee stings you but does no damage. x2
You closely miss the killer bee.
The killer bee is moderately wounded.
You feel sick. The killer bee stings you! The killer bee stings you.
You closely miss the killer bee.
The killer bee is moderately wounded.
You feel sick. The killer bee stings you.
* * * LOW HITPOINT WARNING * * *
The killer bee barely misses you.
You slash the killer bee! You freeze the killer bee.
The killer bee is severely wounded.
You feel sick.
The killer bee stings you but does no damage.
The killer bee barely misses you.
You closely miss the killer bee.
The killer bee is severely wounded.
You feel sick.
The killer bee stings you but does no damage.
The killer bee stings you.
* * * LOW HITPOINT WARNING * * *
You are lethally poisoned!
The killer bee poisons you!
You barely miss the killer bee.
The killer bee is severely wounded.
* * * LOW HITPOINT WARNING * * *
You feel very sick. The killer bee stings you.
* * * LOW HITPOINT WARNING * * *
You are more poisoned.
The killer bee poisons you! You block the killer bee's attack.
It was a potion of degeneration.
There was something very wrong with that liquid.
You feel weakened.
You feel dopey.
You feel clumsy.
* * * LOW HITPOINT WARNING * * *
You feel very sick. You block the killer bee's attack.
The killer bee stings you but does no damage.
It was a potion of haste.
You feel yourself speed up.
You die...

#.# #.# #.# #
#.# .. #.# #.##
..> #.###....#
#.#
#####.#.......
#.# #..@yy...#
#.#
#>####........
#.# ### #.#
..#...... #.#
##.# #.#
#.........
#####.###.#.##.#
#.........
..........##.#.#
#..#......
###........##..#
##........
#<####...#.#.#
#.$.#..#. ###)#
##...##.#


You could see 2 killer bees.

Vanquished Creatures
  A black bear (D:4)
  A kobold brigand (D:4)
  2 killer bees (D:5)
  A bullfrog skeleton (D:4)
  2 hounds
  An orc priest (D:4)
  An iguana (D:5)
  3 adders
  A shadow imp (D:4)
  An adder skeleton (D:4)
  3 worms
  2 dart slugs (D:1)
  10 orcs
  10 endoplasms
  2 giant cockroaches
  10 goblins
  7 hobgoblins
  2 jackals (D:4)
  5 quokkas
  5 ball pythons
  4 bats
  6 frilled lizards
  7 kobolds
  6 rats
93 creatures vanquished.

Notes
Turn   | Place    | Note
-------+----------+-------------------------------------------
     0 | D:1      | leviel the Hill Orc Fighter began the quest for the Orb.
     0 | D:1      | Reached XP level 1. HP: 19/19 MP: 1/1
    58 | D:1      | Reached XP level 2. HP: 25/27 MP: 2/2
   337 | D:1      | Found a faded altar of an unknown god.
   644 | D:1      | Reached XP level 3. HP: 33/33 MP: 3/3
  1568 | D:2      | Reached XP level 4. HP: 33/40 MP: 4/4
  2241 | D:3      | Reached XP level 5. HP: 46/47 MP: 5/5
  2897 | D:4      | Reached skill level 5 in Fighting
  3006 | D:4      | Noticed a black bear
  3017 | D:4      | Killed a black bear
  3018 | D:4      | Reached skill level 5 in Axes
  3018 | D:4      | Reached XP level 6. HP: 43/56 MP: 6/6
  3250 | D:4      | Found a staircase to the Ecumenical Temple.
  3262 | Temple   | Entered the Ecumenical Temple
  3359 | Temple   | Became a worshipper of the Shining One
  3494 | D:4      | Reached skill level 5 in Armour
  4267 | D:5      | Entered Level 5 of the Dungeon
  4284 | D:5      | Reached XP level 7. HP: 42/62 MP: 7/7
  4634 | D:5      | HP: 2/63 [poisoned by a killer bee]
  4635 | D:5      | Succumbed to a killer bee's poison

Illustrated notes

Levels and vault maps discovered:
D:1:      dpeg_arrival_rooms_c, layout_basic,
          shapermc_ecumenical_altar_acropolis, roderic_lattice_a,
          minmay_misc_feat_tower
D:2:      layout_loops_ring
D:3:      layout_loops_ring
D:4:      black_bear_nest_1, layout_cave_pods, minmay_temple_entry_mini_moons
D:5:      layout_loops_ring, gammafunk_ghost_stat_death,
          minmay_misc_feat_plants, uniq_ijyb, uniq_duvessa
Temple:   compressed_dpeg_circular_temple

Skill      XL: |  1  2  3  4  5  6  7 |
---------------+----------------------+-----
Axes           | 3 4 5 6 |  6.1
Fighting       | 4 5 6 |  6.1
Armour         | 4 5 |  5.5
Shields        | 4 |  4.0

Action                   |  1- 3 |  4- 6 |  7- 9 || total
-------------------------+-------+-------+-------++-------
Melee: War axe           |   102 |   120 |       ||   222
       Hand axe          |       |    47 |    29 ||    76
  Use: Scroll            |       |     1 |       ||     1
       Potion            |       |     1 |     3 ||     4
Armor: Scale mail        |    42 |    73 |    16 ||   131
Dodge: Dodged            |    43 |    79 |    19 ||   141
Block: Buckler           |    17 |    44 |     7 ||    68

Table legend: (Time is in decaauts)
 A = Elapsed time spent in this place.
 B = Non-inter-level travel time spent in this place.
 C = Inter-level travel time spent in this place.
 D = Time resting spent in this place.
 E = Time spent auto-exploring this place.
 F = Levels seen in this place.
 G = Mean time per level.
                   A        B        C        D        E       F      G
               +--------+--------+--------+--------+--------+-----+--------+
         Total |   4705 |   4545 |    160 |    175 |   3657 |   6 |  784.2 |
       Dungeon |   4574 |   4447 |    127 |    175 |   3602 |   5 |  914.8 |
        Temple |    130 |     97 |     33 |      0 |     55 |   1 |  130.0 |
               +--------+--------+--------+--------+--------+-----+--------+

Top non-repeatable levels by time:
     D:4: 1414 daAuts
     D:1: 1119 daAuts
     D:3: 849 daAuts
     D:2: 824 daAuts
     D:5: 367 daAuts
  Temple: 130 daAuts
